 Dungeon Crawl Stone Soup version 0.25.0-9-g26727b657a (webtiles) character file.

Game seed: 677961562246787328

156 Legioner2108 the Cudgeler (level 5, -3/69 HPs)
             Began as a Minotaur Berserker on June 21, 2020.
             Was a Believer of Trog.
             Slain by Sigmund
             ... wielding a +0 scythe
              (5 damage)
             ... on level 2 of the Dungeon.
             The game lasted 00:32:10 (2262 turns).

Legioner2108 the Cudgeler (Minotaur Berserker)      Turns: 2262, Time: 00:32:11

Health: -3/69      AC: 22    Str: 23    XL:     5   Next: 14%
Magic:  4/4        EV:  2    Int:  4    God:    Trog [**....]
Gold:   164        SH:  0    Dex:  9    Spells: 4/4 levels left

rFire    . . .     SeeInvis .   k - -1 mace
rCold    . . .     Gourm    .   (no shield)
rNeg     + + +     Faith    .   (armour currently unavailable)
rPois    +         Spirit   .   (helmet currently unavailable)
rElec    .         Reflect  .   (cloak currently unavailable)
rCorr    .         Harm     .   (gloves currently unavailable)
MR       .....     NoTele   +   (boots currently unavailable)
Stlth    +.........             (no amulet)
HPRegen  0.21/turn              f - ring of wizardry
MPRegen  0.09/turn              (no ring)

@: tree-form, berserk cooldown, slowed, very slow
A: (retaliatory headbutt)
a: Berserk, Trog's Hand, Renounce Religion


You were on level 2 of the Dungeon.
You worshipped Trog.
Trog was pleased with you.
You were not hungry.
You were a tree.
You visited 1 branch of the dungeon, and saw 3 of its levels.

You collected 164 gold pieces.

Inventory:

Hand Weapons
 a - a +0 club
 k - a -1 mace (weapon)
Missiles
 z - 2 silver boomerangs (quivered)
Armour
 y - a +0 chain mail (melded)
Jewellery
 f - a ring of wizardry (left branch)
Scrolls
 e - a scroll of blinking
 i - 3 scrolls of identify
 n - a scroll of teleportation
 v - a scroll of fear {unknown}
Potions
 q - a potion of lignification
Comestibles
 c - 2 rations
 d - 2 chunks of flesh


   Skills:
 - Level 4.0 Fighting
 + Level 6.8 Maces & Flails
 * Level 2.6 Armour
 - Level 2.2 Dodging


You had 4 spell levels left.
You didn't know any spells.
Your spell library was empty.

Dungeon Overview and Level Annotations

Branches:
Dungeon (3/15)

Altars:

Annotations:
D:3 Sigmund


Innate Abilities, Weirdness & Mutations

((You reflexively headbutt those who attack you in melee.))
((You have a pair of horns on your head.))


Message History

You are too injured to fight recklessly!
You eat one of the 3 chunks of flesh.
This raw flesh tastes terrible.
You feel your anger nearly subside.
You are no longer berserk.
You are exhausted.
You feel yourself slow down. Something hits you.
* * * LOW HITPOINT WARNING * * *
You are too injured to fight recklessly!
As you read the scroll labeled LOENIP BIVIKO, it crumbles to dust.
The creatures around you are filled with an inner flame!
It was a scroll of immolation.
Something hits you but does no damage.
As you read the scroll labeled VUILOO MAEPN, it crumbles to dust.
You feel as if something is helping you.
It was a scroll of remove curse.
Something hits you.
* * * LOW HITPOINT WARNING * * *
You are too injured to fight recklessly!
It was a potion of lignification.
You turn into a tree.
Your +0 chain mail melds into your body.
Your roots penetrate the ground.
Something hits you but does no damage. Something hits you.
You die...

...# ##...# ...#
#....# ...## #....#
....# #....#
....#####.>..#
....##.....{.##
.......##.....#
.....####...#.#######
...#..# ##.....{♣...#
...##.# #..........#
.#....####..........#
.####...##..........#
.# ##[)##..........#
.## #)>)###.########
..# ##### #.# ..##
##.## ...###### #...#


There were no monsters in sight!

Vanquished Creatures
  An orc priest (D:2)
  An orc wizard (D:2)
  2 adders (D:2)
  3 worms (D:2)
  3 dart slugs
  A leopard gecko (D:2)
  6 orcs
  6 giant cockroaches
  4 goblins
  8 hobgoblins
  8 bats
  A frilled lizard (D:1)
  8 kobolds
  9 rats
61 creatures vanquished.

Notes
Turn   | Place    | Note
-------+----------+-------------------------------------------
     0 | D:1      | Legioner2108 the Minotaur Berserker began the quest for the
                  | Orb.
     0 | D:1      | Reached XP level 1. HP: 19/19 MP: 0/0
   258 | D:1      | Reached XP level 2. HP: 27/27 MP: 1/1
   308 | D:1      | Reached skill level 4 in Maces & Flails
   764 | D:2      | Reached XP level 3. HP: 31/33 MP: 2/2
   891 | D:2      | Reached ** piety under Trog
   901 | D:2      | Reached skill level 5 in Maces & Flails
  1548 | D:2      | Reached XP level 4. HP: 40/40 MP: 3/3
  1600 | D:3      | Noticed Sigmund
  1834 | D:3      | Reached skill level 6 in Maces & Flails
  2013 | D:3      | HP: 2/40 [something (9)]
  2023 | D:2      | Reached XP level 5. HP: 25/46 MP: 4/4
  2260 | D:2      | HP: 1/46 [something (3)]
  2262 | D:2      | Slain by Sigmund

Illustrated notes

Levels and vault maps discovered:
D:1:      dpeg_arrival_tiny_b, layout_rooms, st_stairs_7, minmay_tromino_i4
D:2:      layout_rooms, minmay_small_reverse_x
D:3:      layout_rooms, overflow_temple_1_default,
          grunt_dithmenos_smoke_and_mirrors, uniq_sigmund

Skill      XL: |  1  2  3  4 |
---------------+-------------+-----
Fighting       | 4 |  4.0
Maces & Flails | 4 5 6 |  6.8
Armour         | |  2.6
Dodging        | |  2.2

Action                   |  1- 3 |  4- 6 || total
-------------------------+-------+-------++-------
Melee: Mace              |    91 |    46 ||   137
       Headbutt          |    16 |    10 ||    26
Invok: Berserk           |     1 |     2 ||     3
  Use: Scroll            |     6 |     2 ||     8
       Potion            |     1 |     5 ||     6
  Eat: Chunk             |     3 |     1 ||     4
       Ration            |       |     1 ||     1
Armor: Ring mail         |    19 |       ||    19
       Chain mail        |    20 |    53 ||    73
       Skin              |       |     1 ||     1
Dodge: Dodged            |    50 |    34 ||    84
